 Dungeon Crawl Stone Soup version 0.24.0-13-gcf9b3192b9 (webtiles) character file.

Game seed: 4534961751297288330, levelgen mode: deterministic

614 Monsterracer the Chopper (level 7, -7/64 HPs)
             Began as a Deep Dwarf Fighter on Nov 9, 2019.
             Mangled by Menkaure (17 damage)
             ... on level 4 of the Dungeon.
             The game lasted 00:01:30 (2387 turns).

Monsterracer the Chopper (Deep Dwarf Fighter)       Turns: 2387, Time: 00:01:31

Health: -7/64      AC: 15    Str: 22    XL:     7   Next: 20%
Magic:  6/6        EV:  6    Int:  8    God:
Gold:   294        SH: 10    Dex: 12    Spells: 6/6 levels left

rFire    . . .     SeeInvis .   a - +1 war axe
rCold    . . .     Gourm    .   e - +0 shield
rNeg     . . .     Faith    .   h - +0 chain mail
rPois    .         Spirit   .   (no helmet)
rElec    .         Reflect  .   l - +0 cloak
rCorr    .         Harm     .   s - +0 pair of gloves
MR       +....                  q - +2 pair of boots
Stlth    ..........             (no amulet)
HPRegen  0.00/turn              (no ring)
MPRegen  0.10/turn              (no ring)

@: non-regenerating
A: damage resistance, heal wounds, sense surroundings 1, no regeneration
a: Heal Wounds


You were on level 4 of the Dungeon.
You were not hungry.

You visited 1 branch of the dungeon, and saw 4 of its levels.

You collected 294 gold pieces.

Inventory:

Hand Weapons
 a - a +1 war axe (weapon)
 b - a +2 flail of crushing
   (You took it off an orc on level 3 of the Dungeon)
 u - the cursed +0 whip of Gosmesk {venom, rF+, unknown}
   (You found it on level 4 of the Dungeon)

   It poisons the flesh of those it strikes.
   It protects you from fire.
   It has a curse placed upon it.
Missiles
 n - a throwing net (quivered) {!f}
Armour
 e - a +0 shield (worn)
 h - a +0 chain mail (worn)
   (You found it on level 1 of the Dungeon)
 l - a +0 cloak (worn)
   (You found it on level 1 of the Dungeon)
 q - a +2 pair of boots (worn)
   (You found it on level 2 of the Dungeon)
 s - a +0 pair of gloves (worn)
   (You found it on level 4 of the Dungeon)
Scrolls
 d - a scroll of immolation {!r}
 p - a scroll of enchant weapon
 v - a scroll of enchant armour {unknown}
 X - a scroll of blinking
Potions
 f - a potion of heal wounds {unknown}
 g - a potion of invisibility
 i - a potion of berserk rage {unknown}
 j - a potion of might
 k - 3 potions of resistance
 m - a potion of curing {unknown}
 o - 2 potions of cancellation {unknown}
 t - a potion of brilliance {unknown}
Comestibles
 c - 6 rations
 r - 4 chunks of flesh


   Skills:
 + Level 4.1 Fighting
 * Level 5.8 Axes
 + Level 5.0 Armour
 + Level 5.0 Shields


You had 6 spell levels left.
You didn't know any spells.
Your spell library was empty.

Dungeon Overview and Level Annotations

Branches:
Dungeon (4/15)
 Temple: D:4-7

Altars:
Trog
Uskayaw

Shops:
D:4 =

Annotations:
D:4 Menkaure


Innate Abilities, Weirdness & Mutations

You are resistant to damage.
You can heal yourself by infusing magical energy.
You passively map a small area around you.
You do not regenerate.


Message History

An iguana is nearby!
You slash the iguana!
You kill the iguana!
Your Shields skill increases to level 5!
No target in view!
No target in view!
No target in view!
No target in view!
v - a scroll labeled ESHAOD XAICW No target in view!
No target in view!
No target in view!
No target in view!
No target in view!
A hound comes into view.
The hound barks!
You closely miss the hound. The hound bites you.
The hound bites you but does no damage.
You barely miss the hound. The hound bites you. You block the hound's attack.
You hit the hound.
The hound is lightly wounded.
The hound bites you but does no damage. x2
A hound is nearby!
A hound is nearby!
You fail to use your ability.
You block the hound's attack.
You hit the hound.
The hound is moderately wounded.
The hound barely misses you. The hound bites you but does no damage.
You closely miss the hound.
The hound is moderately wounded.
The hound bites you but does no damage. The hound barely misses you.
You slash the hound!
The hound is almost dead.
The hound bites you but does no damage. The hound barely misses you.
Your shield and chain mail prevent you from hitting the hound.
The hound is almost dead.
The hound bites you but does no damage. You block the hound's attack.
You completely miss the hound.
The hound is almost dead.
The hound bites you but does no damage. You block the hound's attack.
A hound is nearby!
You hit the hound.
You kill the hound!
Your Armour skill increases to level 5!
No target in view!
No target in view!
No target in view!
No target in view!
There is a stone staircase leading up here.
k - 3 potions of resistance (gained 2) Key pressed, stopping explore.
No target in view!
No target in view!
No target in view!
No target in view!
No target in view!
No target in view!
No target in view!
No target in view!
No target in view!
No target in view!
Menkaure, Prince of Dust comes into view.
You feel much better. Menkaure casts a spell at you.
Pain shoots through your body!
Menkaure is nearby!
Menkaure casts a spell at you. Pain shoots through your body!
You hit Menkaure but do no damage.
Menkaure gestures wildly while chanting.
Menkaure seems to speed up.
You hit Menkaure.
Menkaure is moderately damaged.
Menkaure gestures at you while chanting.
You resist with significant effort.
You barely miss Menkaure.
Menkaure is moderately damaged.
You block Menkaure's attack. x2
You hit Menkaure but do no damage.
Menkaure is moderately damaged.
You block Menkaure's attack.
You hit Menkaure.
Menkaure is moderately damaged.
Menkaure calls on the powers of darkness!
Your body is wracked with pain!
* * * LOW HITPOINT WARNING * * *
Menkaure hits you.
You are too injured to fight recklessly!
You are too injured to fight recklessly!
You are too injured to fight recklessly!
You are too injured to fight recklessly!
You hit Menkaure but do no damage.
Menkaure is moderately damaged.
You block Menkaure's attack.
Your shield and chain mail prevent you from hitting Menkaure.
Menkaure is moderately damaged.
Menkaure hits you!
* * * LOW HITPOINT WARNING * * *
Menkaure hits you!!
You die...

###### ##### #....#
#...# #....# #M..#
########....####@..#
...................#
.#######....####...#
## #....# #...# #
#....# #...# #
#....# ##.##
###....# #...#
##......# #...#
##...##### #...#


You could see Menkaure.

Vanquished Creatures
  A phantom (D:4)
  An ogre (D:4)
  Blork the orc (D:4)
  A water moccasin skeleton (D:3)
  A scorpion (D:4)
  A hound (D:4)
  An orc priest (D:4)
  An iguana (D:4)
  A worker ant (D:4)
  3 gnolls (D:2)
  2 adders (D:2 D:4)
  A howler monkey skeleton (D:4)
  An ooze (D:1)
  3 worms (D:2 D:3)
  3 dart slugs (D:1 D:2 D:3)
  A leopard gecko (D:4)
  8 orcs (D:3 D:4)
  3 bats (D:2 D:3)
  2 giant cockroaches (D:2)
  12 goblins (D:1 D:2 D:3)
  4 hobgoblins (D:1 D:3)
  6 jackals (D:3 D:4)
  3 quokkas (D:2 D:3)
  7 frilled lizards (D:1 D:2 D:3)
  9 kobolds (D:1 D:2 D:3)
  A leopard gecko skeleton (D:4)
  16 rats (D:1 D:2 D:3)
94 creatures vanquished.

Notes
Turn   | Place    | Note
-------+----------+-------------------------------------------
     0 | D:1      | Monsterracer the Deep Dwarf Fighter began the quest for the
                  | Orb.
     0 | D:1      | Reached XP level 1. HP: 20/20 MP: 1/1
   133 | D:1      | Reached XP level 2. HP: 24/27 MP: 2/2
   661 | D:2      | Reached XP level 3. HP: 28/34 MP: 3/3
   739 | D:2      | Reached XP level 4. HP: 27/42 MP: 4/4
   831 | D:2      | Noticed a +0 dagger
   831 | D:2      | Noticed a +0 dagger
   833 | D:2      | Found a hide-covered altar of Uskayaw.
  1017 | D:2      | Noticed a moth of wrath
  1019 | D:2      | Found a bloodstained altar of Trog.
  1926 | D:3      | Reached XP level 5. HP: 38/49 MP: 5/5
  2054 | D:4      | Noticed Blork the orc
  2063 | D:4      | HP: 24/49 [Blork the orc/magic dart (6)]
  2065 | D:4      | Killed Blork the orc
  2132 | D:4      | Found Amarghitsu's Jewellery Shoppe.
  2164 | D:4      | Noticed a phantom
  2169 | D:4      | Reached XP level 6. HP: 31/56 MP: 5/5
  2182 | D:4      | Reached skill level 5 in Axes
  2248 | D:4      | HP: 27/57 [ogre/+0 giant club (3)]
  2256 | D:4      | Reached XP level 7. HP: 38/64 MP: 6/6
  2282 | D:4      | Got a bloodstained whip
  2300 | D:4      | Reached skill level 5 in Shields
  2345 | D:4      | Reached skill level 5 in Armour
  2378 | D:4      | Noticed Menkaure
  2385 | D:4      | HP: 24/64 [??? (20)]
  2387 | D:4      | HP: 10/64 [Menkaure (14)]
  2387 | D:4      | Mangled by Menkaure

Levels and vault maps discovered:
D:1:      wheals_arrival_shading, layout_loops_ring
D:2:      layout_basic, dancing_weapons_uskayaw, minmay_misc_feat_iff, tgw_trog
D:3:      layout_basic, first_ration, amethyst_killhole, st_stairs_5
D:4:      minmay_spotlight, layout_rooms, serial_shops, shop_coins,
          uniq_menkaure, uniq_blork_the_orc

Skill      XL: |  1  2  3  4  5  6  7 |
---------------+----------------------+-----
Fighting       | 3 4 |  4.1
Axes           | 3 4 5 |  5.8
Shields        | 4 5 |  5.0
Armour         | 4 5 |  5.0

Action                   |  1- 3 |  4- 6 |  7- 9 || total
-------------------------+-------+-------+-------++-------
Melee: War axe           |    75 |   194 |    24 ||   293
 Abil: Heal Wounds       |       |     5 |     1 ||     6
  Use: Scroll            |       |     9 |       ||     9
  Eat: Chunk             |       |     5 |       ||     5
Armor: Scale mail        |     3 |       |       ||     3
       Chain mail        |    25 |   105 |     9 ||   139
Dodge: Dodged            |    21 |    42 |     6 ||    69
Block: Shield            |    39 |   109 |    12 ||   160
